 Dungeon Crawl Stone Soup version 0.26.1-2-gb8aa6d0cf2 (webtiles) character file.

Game seed: 8908311662990642561

480 DearestLeader the Frost Mage (level 7, -3/46 HPs)
             Began as a Merfolk Ice Elementalist on Mar 22, 2021.
             Was an Initiate of Vehumet.
             Slain by an orc warrior
             ... wielding a +0 halberd
              (7 damage)
             ... on level 6 of the Dungeon.
             The game lasted 00:10:03 (4248 turns).

DearestLeader the Frost Mage (MfIE)                 Turns: 4248, Time: 00:10:03

Health: -3/46      AC: 17    Str:  8    XL:     7   Next: 11%
Magic:  0/10       EV: 16    Int: 17    God:    Vehumet [......]
Gold:   231        SH:  0    Dex: 14    Spells: 2/10 levels left

rFire    . . .     SeeInvis .   C - +2 dagger (protect)
rCold    . . .     Faith    .   (no shield)
rNeg     . . .     Spirit   +   B - +0 leather armour (curse)
rPois    .         Reflect  .   q - +1 helmet
rElec    .         Harm     .   (no cloak)
rCorr    .         Rampage  .   (no gloves)
Will     .....                  H - +0 pair of boots
Stlth    ++........             j - amulet of guardian spirit
HPRegen  0.15/turn              c - +4 ring of evasion
MPRegen  0.12/turn              K - +4 ring of protection

@: about to teleport, protection aura
A: change form in water, swift swim, stealthy swim
a: Renounce Religion


You were on level 6 of the Dungeon.
You worshipped Vehumet.
Vehumet was noncommittal.
You visited 1 branch of the dungeon, and saw 8 of its levels.

You collected 231 gold pieces.

Inventory:

Hand Weapons
 d - a +0 mace
 p - a cursed -2 hunting sling
 C - a +2 dagger of protection (weapon)
Missiles
 k - 8 javelins (quivered)
 x - 2 curare-tipped darts
Armour
 q - a +1 helmet (worn)
 B - a cursed +0 leather armour (worn)
 H - a +0 pair of boots (worn)
Jewellery
 c - a +4 ring of evasion (left hand)
 j - an amulet of guardian spirit (around neck)
 r - an uncursed ring of protection from cold
 v - an uncursed ring of poison resistance
 D - a +6 ring of intelligence
 J - an uncursed ring of resist corrosion
 K - a +4 ring of protection (right hand)
Wands
 u - a wand of digging (3)
Scrolls
 f - 2 scrolls of enchant weapon {unknown}
 g - 2 scrolls of teleportation
 n - a scroll of enchant armour
 s - 4 scrolls of identify
 t - 3 scrolls of amnesia {unknown}
 w - 3 scrolls of immolation {unknown}
 y - 4 scrolls of remove curse {unknown}
 A - a scroll of random uselessness {unknown}
 F - a scroll of magic mapping {unknown}
 L - a scroll of fear {unknown}
 M - a scroll of noise {unknown}
Potions
 a - a potion of might {unknown}
 b - 5 potions of brilliance {unknown}
 e - 3 potions of curing {unknown}
 h - a potion of magic {unknown}
 i - 2 potions of berserk rage {unknown}
 l - 3 potions of heal wounds {unknown}
 m - 2 potions of invisibility {unknown}
 o - 2 potions of haste {unknown}
 z - a potion of attraction {unknown}
 E - a potion of flight {unknown}
 G - a potion of mutation {unknown}
 I - a potion of lignification {unknown}


   Skills:
 - Level 2.6 Dodging
 - Level 2.1 Stealth
 - Level 2.0 Spellcasting
 * Level 9.1 Ice Magic


You had 2 spell levels left.
You knew the following spells:

 Your Spells              Type           Power        Failure   Level
a - Freeze                Ice            100%         1%          1
b - Frozen Ramparts       Ice            64%          1%          3
c - Summon Ice Beast      Ice/Summ       17%          41%         4

Your spell library contained the following spells:

 Spells                   Type           Power        Failure   Level
 Ozocubu's Armour         Ice            32%          1%          3
 Hailstorm                Conj/Ice       17%          41%         4


Dungeon Overview and Level Annotations

Branches:
Dungeon (8/15)             Temple (0/1) D:5
   Lair: D:8-11

Altars:
Ashenzari
Dithmenos
Elyvilon
Nemelex Xobeh
Ru
Sif Muna
Vehumet
Wu Jian
Xom
Zin

Annotations:
D:5 3 runed translucent doors, Pikel


Message History

The orc hits you but does no damage.
Unknown command.
Casting: Frozen Ramparts (safe; 1% risk of failure)
Confirm with . or Enter, or press ? or * to list all spells.
You don't have enough magic to cast that spell.
Unknown command.
Casting: Frozen Ramparts (safe; 1% risk of failure)
Confirm with . or Enter, or press ? or * to list all spells.
You don't have enough magic to cast that spell.
Unknown command.
The orc misses you. The ogre closely misses you.
You hit the ogre but do no damage.
Your weapon exudes an aura of protection.
The ogre is moderately wounded.
The ogre closely misses you.
As you read the scroll of teleportation, it crumbles to dust.
You feel strangely unstable.
The orc warrior hits you from afar with a +0 halberd!
You die...

####### #.....#
#@....# #O....#
#oo...#
#.....########
#####.....##..(..#
+.................#
#.................#
#.................#
#...##............#


You could see an orc warrior, an ogre and an orc.

Vanquished Creatures
  A lemure (D:4)
  A bullfrog (D:8)
  A bullfrog zombie (D:5)
  A hound (D:3)
  An orc wizard (D:6)
  2 orc priests (D:3)
  3 worker ants
  A howler monkey skeleton (D:4)
  11 adders
  An ooze (D:1)
  2 worms
  3 dart slugs
  2 leopard geckos (D:1)
  6 orcs
  6 giant cockroaches
  6 goblins
  6 hobgoblins
  2 quokkas
  4 bats
  10 frilled lizards
  2 kobolds
  4 rats
76 creatures vanquished.

Notes
Turn   | Place    | Note
-------+----------+-------------------------------------------
     0 | D:1      | DearestLeader the Merfolk Ice Elementalist began the quest
                  | for the Orb.
     0 | D:1      | Reached XP level 1. HP: 13/13 MP: 3/3
   221 | D:1      | Found a shimmering altar of Xom.
   240 | D:1      | Reached XP level 2. HP: 6/19 MP: 0/5
   481 | D:1      | Reached skill level 5 in Ice Magic
   954 | D:2      | Reached XP level 3. HP: 24/24 MP: 6/6
  1005 | D:2      | Learned a level 3 spell: Frozen Ramparts
  1448 | D:2      | Found a sacrificial altar of Ru.
  1586 | D:2      | Found a shimmering blue altar of Sif Muna.
  1824 | D:3      | Reached skill level 6 in Ice Magic
  1824 | D:3      | Reached XP level 4. HP: 30/30 MP: 2/7
  2003 | D:3      | Reached XP level 5. HP: 33/35 MP: 6/8
  2022 | D:3      | Reached skill level 7 in Ice Magic
  2706 | D:3      | Learned a level 4 spell: Summon Ice Beast
  3007 | D:4      | Reached XP level 6. HP: 39/41 MP: 2/9
  3464 | D:4      | Found a shadowy altar of Dithmenos.
  3472 | D:4      | Found a white marble altar of Elyvilon.
  3477 | D:4      | Found a broken altar of Ashenzari.
  3484 | D:4      | Found a glowing silver altar of Zin.
  3490 | D:4      | Found a radiant altar of Vehumet.
  3494 | D:4      | Became a worshipper of Vehumet
  3504 | D:4      | Found a sparkling altar of Nemelex Xobeh.
  3511 | D:4      | Found an ornate altar of the Wu Jian Council.
  3629 | D:4      | Reached skill level 8 in Ice Magic
  3699 | D:5      | Entered Level 5 of the Dungeon
  3699 | D:5      | Noticed Pikel
  3730 | D:5      | Found a staircase to the Ecumenical Temple.
  3848 | D:5      | Found a runed translucent gate.
  3849 | D:5      | Found a runed translucent gate.
  3850 | D:5      | Found a runed translucent gate.
  4037 | D:5      | You fall into a shaft and drop 3 floors!
  4069 | D:8      | Found a shimmering altar of Xom.
  4080 | D:8      | Noticed a wraith
  4150 | D:8      | Noticed a two-headed ogre
  4215 | D:7      | Reached skill level 9 in Ice Magic
  4215 | D:7      | Reached XP level 7. HP: 46/46 MP: 6/10
  4248 | D:6      | Slain by an orc warrior

Illustrated notes

Levels and vault maps discovered:
D:1:      beargit_arrival_greenhouse, layout_rooms, minmay_misc_feat_ornament,
          xom_teletrap_fun
D:2:      minmay_skewed_foursquare, layout_loops_ring, lemuel_blue_sif_altar,
          nicolae_ru_path_of_blood
D:3:      layout_basic, minmay_fractal_squares_diagonal_5
D:4:      layout_rooms, grunt_temple_overflow_octagram
D:5:      layout_cave_pods, grunt_temple_overflow_forces_of_nature,
          minmay_temple_entry_mist, biasface_ghost_orc_armoury,
          chequers_mini_garden, nemelex_lonely_heart_becter, uniq_pikel
D:6:      layout_gridville, kennysheep_mini, okawaru_trees_2
D:7:      lemuel_ratsnest, layout_rooms, gammafunk_ghost_mausoleum,
          serial_curves, eino_curves_02, eino_curves_02, grunt_decor_fettered,
          wad_rectangle_vault
D:8:      layout_loops_ring, basic_altar, tso_altar

Skill      XL: |  1  2  3  4  5  6 |
---------------+-------------------+-----
Ice Magic      | 5 6 7 9 |  9.1
Dodging        | |  2.6
Stealth        | |  2.1
Spellcasting   | |  2.0

Action                   |  1- 3 |  4- 6 |  7- 9 || total
-------------------------+-------+-------+-------++-------
Melee: Mace              |    65 |    54 |       ||   119
       Dagger            |       |   121 |     5 ||   126
 Cast: Freeze            |    20 |     7 |       ||    27
       Frozen Ramparts   |     2 |    16 |     1 ||    19
  Use: Scroll            |       |     3 |     1 ||     4
 Stab: Sleeping          |     4 |     2 |       ||     6
Armor: Leather armour    |    10 |    38 |     3 ||    51
       Robe              |     1 |       |       ||     1
Dodge: Dodged            |    72 |   182 |    16 ||   270
